 Dungeon Crawl Stone Soup version 0.15.0-16-gce31824 (webtiles) character file.

118 HungrySpirit the Ducker (level 4, 0/22 HPs)
             Began as a Felid Abyssal Knight on Sept 5, 2014.
             Was a Believer of Lugonu.
             Slain by an orc
             ... wielding a +0 mace
              (1 damage)
             ... on Level 4 of the Dungeon.
             The game lasted 00:05:37 (3972 turns).

HungrySpirit the Ducker (Felid Abyssal Knight)      Turns: 3972, Time: 00:05:37

HP   0/22        AC  2     Str  8      XL: 4   Next: 72%
MP   8/8         EV 20     Int 13      God: Lugonu [**....]
Gold 86          SH  0     Dex 16      Spells:  0 memorised,  3 levels left
Lives: 0, deaths: 1

rFire  . . .     SeeInvis +       - Unarmed
rCold  . . .     Clarity  .     (armour unavailable)
rNeg   . . .     rCorr    +     (shield unavailable)
rPois  .         rRot     .     (helmet unavailable)
rElec  .         Spirit   .     (cloak unavailable)
SustAb .         Warding  .     (gloves unavailable)
rMut   .         Stasis   .     (boots unavailable)
Gourm  .                        e - amulet of resist corrosion
MR     .....                    (no ring)
                                k - +1 ring of protection

@: quick, not resistant to hostile enchantments, unstealthy
A: paw claws, no armour, no weapons or thrown items, fangs 3, see invisible,
carnivore 3, speed 1, shaggy fur 1, slow metabolism 1, jump 1
a: Jump Attack, Depart the Abyss, Bend Space, Renounce Religion


You were on level 4 of the Dungeon.
You worshipped Lugonu.
Lugonu was pleased with you.
You were very full.

You visited 1 branch of the dungeon, and saw 4 of its levels.
You visited the Abyss 1 time.

You collected 86 gold pieces.

Inventory:

Comestibles
 c - a meat ration
Scrolls
 a - a scroll of magic mapping {unknown}
 b - a scroll of enchant weapon {unknown}
 d - 3 scrolls of identify {unknown}
 f - 2 scrolls of remove curse {unknown}
 g - 2 scrolls of amnesia {unknown}
 h - a scroll of fear {unknown}
 i - 3 scrolls of random uselessness {unknown}
 j - 2 scrolls of immolation {unknown}
 l - a scroll of recharging {unknown}
Jewellery
 e - an amulet of resist corrosion (around neck)
 k - a +1 ring of protection (left paw)


   Skills:
 - Level 3.8 Fighting
 + Level 5.1 Dodging
 - Level 0.4 Stealth
 * Level 3.8 Unarmed Combat
 + Level 1.9 Invocations


You had 3 spell levels left.
You didn't know any spells.

Dungeon Overview and Level Annotations

Branches:
Dungeon (4/15)
 Temple: D:4-7

Altars:
Elyvilon
Nemelex Xobeh
Sif Muna

Annotations:
D:3 benano's ghost, average GrBe


Innate Abilities, Weirdness & Mutations

You cannot wear armour.
You are incapable of wielding weapons or throwing items.
Your paws have sharp claws.
You have razor-sharp teeth.
You have supernaturally acute eyesight.
You are carnivorous and can eat meat at any time.
You cover ground quickly.
You are covered in fur (AC +1).
You have a slow metabolism.
You can jump attack at a short distance.


Message History

The hound barely misses you.
The orc wizard casts a spell.
The orc wizard blinks!
Unknown command.
You scratch the orc wizard.
The orc wizard is almost dead.
The orc hits you with a mace!
* * * LOW HITPOINT WARNING * * *
The hound closely misses you.
The orc wizard gestures wildly while chanting.
The orc wizard blinks!
You are too injured to fight recklessly!
Unknown command.
You are too injured to fight recklessly!
Unknown command.
You are too injured to fight recklessly!
The orc hits you with a mace.
* * * LOW HITPOINT WARNING * * *
The hound misses you. The orc hits you with a mace.
You die... .. ..# . .o# โ‰ˆโ‰ˆ

#.#<# โ‰ˆ# #.#.#
#.# #..ยง##..###..
. #.........#
###..###.........#
.....o..Bo........(
.####.##.h@......#
###########


You could see a goliath beetle, a hound, 2 orc wizards and an orc.

Vanquished Creatures
  An orc wizard (D:3)
  A worker ant (D:4)
  6 adders
  A giant mite (D:2)
  A worm (D:2)
  2 giant geckos
  6 orcs (D:3)
  2 ball pythons (D:3)
  A bat (D:2)
  10 goblins
  9 hobgoblins
  2 jackals (D:2)
  2 giant cockroaches (D:3)
  2 giant newts (D:2)
  5 kobolds
  A kobold zombie (D:3)
  7 rats
59 creatures vanquished.

Notes
Turn   | Place    | Note
--------------------------------------------------------------
     0 | Abyss:1  | HungrySpirit, the Felid Abyssal Knight, began the quest for the Orb.
     0 | Abyss:1  | Reached XP level 1. HP: 10/10 MP: 2/2
     0 | D:1      | Escaped the Abyss
   152 | D:1      | Reached XP level 2. HP: 14/14 MP: 3/3
   383 | D:1      | Acquired Lugonu's first power
   886 | D:2      | Reached skill level 4 in Dodging
   886 | D:2      | Reached XP level 3. HP: 17/17 MP: 5/5
  1792 | D:2      | Reached XP level 4. HP: 19/22 MP: 8/8
  1853 | D:2      | Found a sparkling altar of Nemelex Xobeh.
  2213 | D:2      | Found a deep blue altar of Sif Muna.
  2326 | D:3      | Acquired Lugonu's second power
  2338 | D:3      | HP: 1/22 [poisoned by an orc wizard]
  2340 | D:3      | Succumbed to an orc wizard's poison
  2341 | D:3      | Reached XP level 3. HP: 0/18 MP: 5/5
  2532 | D:3      | Reached XP level 4. HP: 22/22 MP: 8/8
  2863 | D:3      | Noticed benano's ghost (average GrBe)
  3293 | D:3      | Reached skill level 5 in Dodging
  3442 | D:3      | Found a white marble altar of Elyvilon.
  3971 | D:4      | HP: 1/22 [orc/mace (1)]
  3972 | D:4      | Slain by an orc

Action                   |  1- 3 |  4- 6 || total
-------------------------+-------+-------++-------
Melee: Unarmed           |   115 |    92 ||   207
Invok: Depart the Abyss  |     1 |       ||     1
 Abil: Jump Attack       |     3 |     3 ||     6
  Use: Potion            |     1 |       ||     1
 Stab: Sleeping          |     1 |     4 ||     5
  Eat: Chunk             |     9 |     8 ||    17
